 Dungeon Crawl Stone Soup version 0.30.0-13-g156ef70053 (webtiles) character file.

Game seed: 11850214066161558419

10200 dolemite99 the Destroyer (level 11, -11/92 HPs)
             Began as a Pale Draconian Conjurer on May 18, 2023.
             Was an Elder of Dithmenos.
             Killed from afar by an acid dragon (14 damage)
             ... with a splash of acid
             ... on level 10 of the Dungeon.
             The game lasted 00:41:14 (24137 turns).

dolemite99 the Destroyer (Pale Draconian Conjurer) Turns: 24137, Time: 00:41:15

Health: -11/92     AC: 12    Str: 15    XL:     11   Next: 33%
Magic:  15/18      EV: 13    Int: 24    God:    Dithmenos [****..]
Gold:   327        SH:  0    Dex:  9    Spells: 3/19 levels left

rFire   . . .        a - +5 scimitar (vamp)
rCold   . . .        (no shield)
rNeg    . . .        (body armour unavailable)
rPois   +            (helmet restricted)
rElec   .            A - +1 cloak
rCorr   .            L - +0 pair of gloves
SInv    .            s - +1 pair of boots of Komampy {rPois}
Will    .....        x - amulet of magic regeneration
Stlth   ++           K - +6 ring of strength
HPRegen 0.35/turn    (no ring)
MPRegen 0.56/turn

%: no passive effects
@: wreathed by umbra
A: breathe steam, AC +7, unfitting armour, cold-blooded, steam resistance
a: Breathe Steam, Renounce Religion, Shadow Step


You were on level 10 of the Dungeon.
You worshipped Dithmenos.
Dithmenos was greatly pleased with you.
You visited 1 branch of the dungeon, and saw 11 of its levels.
You also visited: Ossuary.

You collected 639 gold pieces.
You spent 312 gold pieces at shops.

Inventory:

Hand Weapons
 a - a +5 vampiric scimitar (weapon)
 r - a +2 heavy sling
 D - a +0 scimitar
 O - a +3 falchion of freezing
Missiles
 b - 17 boomerangs
 k - a curare-tipped dart
 m - 13 poisoned darts
Armour
 s - the +1 pair of boots of Komampy (worn) {rPois}
   (You found it on level 9 of the Dungeon)

   rPois:     It protects you from poison.
 A - a +1 cloak (worn)
 L - a +0 pair of gloves (worn)
Magical Staves
 j - a staff of poison
Jewellery
 x - an amulet of magic regeneration (around neck)
 y - a +6 ring of strength
 K - a +6 ring of strength (left hand)
 M - a +6 ring of dexterity
 Q - a ring of protection from cold
Wands
 h - a wand of polymorph (12)
 p - a wand of digging (2)
 t - a wand of mindburst (2)
 G - a wand of charming (1)
 P - a wand of flame (8)
Scrolls
 c - 3 scrolls of silence
 e - 4 scrolls of vulnerability
 g - 7 scrolls of immolation
 q - 2 scrolls of noise
 u - 2 scrolls of fog
 E - a scroll of brand weapon
 F - 6 scrolls of identify {@r1}
 H - a scroll of amnesia
 R - 2 scrolls of magic mapping
Potions
 f - a potion of mutation
 i - 2 potions of resistance
 l - 4 potions of lignification
 n - a potion of ambrosia
 o - 3 potions of flight
 v - 3 potions of curing
 w - 3 potions of magic
 z - 3 potions of attraction
 C - 3 potions of brilliance
 I - a potion of might
 J - a potion of cancellation


   Skills:
 - Level 7.6 Fighting
 - Level 7.2 Long Blades
 - Level 6.1 Dodging
 - Level 1.7 Stealth
 - Level 4.9 Spellcasting
 - Level 8.7 Conjurations
 + Level 5.4 Hexes
 - Level 7.6 Translocations


You had 3 spell levels left.
You knew the following spells:

 Your Spells              Type           Power      Damage    Failure   Level
a - Magic Dart            Conj           100%       1d8       1%          1
b - Searing Ray           Conj           94%        2d7       1%          2
c - Iskenderun's Mystic   Conj/Tloc      45%        2d10      3%          4
d - Fireball              Conj/Fire      13%        3d7       38%         5
e - Fulminant Prism       Conj/Hex       19%        3d11      4%          4

Your spell library contained the following spells:

 Spells                   Type           Power      Damage    Failure   Level
 Apportation              Tloc           84%        N/A       1%          1
 Foxfire                  Conj/Fire      100%       2x1d9     1%          1
 Dazzling Flash           Conj/Hex       78%        N/A       1%          3
 Tukima's Dance           Hex            31%        N/A       3%          3
 Beastly Appendage        Tmut           10%        N/A       9%          1
 Necrotise                Necr           20%        1d5       9%          1
 Summon Small Mammal      Summ           20%        N/A       9%          1
 Summon Guardian Golem    Hex/Summ       18%        N/A       9%          3
 Cigotuvi's Dreadful Rot  Necr/Pois/Air  10%        N/A       14%         2
 Passwall                 Tmut/Erth      4%         N/A       14%         2
 Wereblood                Tmut           5%         N/A       14%         2
 Call Canine Familiar     Summ           5%         N/A       26%         3
 Spider Form              Tmut/Pois      5%         N/A       26%         3
 Manifold Assault         Tloc           42%        N/A       3%          4
 Passage of Golubria      Tloc           42%        N/A       3%          4
 Anguish                  Hex/Necr       9%         N/A       28%         4
 Leda's Liquefaction      Hex/Erth       9%         N/A       28%         4
 Irradiate                Conj/Tmut      13%        3d16      38%         5
 Dispersal                Tloc           21%        N/A       52%         6
 Yara's Violent Unravell  Hex/Tmut       9%         3d6       63%         5
 Dispel Undead            Necr           5%         3d7       65%         4
 Starburst                Conj/Fire      13%        6d5       93%         6
 Death Channel            Necr           2%         N/A       100%        6
 Plasma Beam              Fire/Air       2%         2x1d14    100%        6
 Spellforged Servitor     Conj/Summ      13%        N/A       100%        7
 Disjunction              Tloc           21%        N/A       100%        8
 Lehudib's Crystal Spear  Conj/Erth      13%        10d4      100%        8
 Necromutation            Tmut/Necr      2%         N/A       100%        8
 Chain Lightning          Conj/Air       13%        3d17      100%        9
 Fire Storm               Conj/Fire      13%        8d3       100%        9
 Shatter                  Erth           2%         3d6*      100%        9


Dungeon Overview and Level Annotations

Branches:
Dungeon (11/15)            Temple (0/1) D:4         Ossuary (visited)
   Lair: D:8-11         Orc: D:9-12

Altars:
Cheibriados
Dithmenos
Fedhas
Hepliaklqana
Makhleb
Nemelex Xobeh
Ru
Vehumet
Wu Jian
Xom

Shops:
D:1 *   D:7 [

Annotations:
D:5 1 runed translucent door


Innate Abilities, Weirdness & Mutations

You can breathe blasts of scalding, opaque steam.
Your pale cyan-grey scales are hard. (AC +7)
You cannot fit into any form of body armour.
You are cold-blooded and may be slowed by cold attacks.
You are immune to the effects of steam.


Message History

The two-headed ogre is knocked back by the mystic blast.
The mystic blast hits the acid dragon.
The acid dragon is heavily wounded.
The acid dragon is knocked back by the mystic blast.
Casting: Iskenderun's Mystic Blast (dangerous; 3% risk of failure)
Confirm with . or Enter, or press ? or * to list all spells.
You erupt in a blast of force!
The mystic blast hits the two-headed ogre!
The two-headed ogre is almost dead.
The two-headed ogre is knocked back by the mystic blast.
The mystic blast hits the acid dragon!
The acid dragon is severely wounded.
The acid dragon is knocked back by the mystic blast.
The two-headed ogre misses you.
The two-headed ogre hits you with a +0 giant club!!
* * * LOW HITPOINT WARNING * * *
Okay, then.
Aiming: Shadow Step
Press: ? - help, Dir - move target, f - two-headed ogre
Aim: a two-headed ogre, wielding a +0 giant spiked club and a +0 giant club (almost dead, umbra)
Okay, then.
Unknown command.
You feel better. The acid dragon barely misses you. The acid dragon misses you.
You closely miss the acid dragon.
Your tail-slap misses the acid dragon.
The acid dragon is severely wounded.
You are no longer corroded.
The two-headed ogre hits you with a +0 giant spiked club!
* * * LOW HITPOINT WARNING * * *
The two-headed ogre hits you with a +0 giant club!
* * * LOW HITPOINT WARNING * * *
The acid dragon bites you but does no damage.
The acid dragon claws you but does no damage.
The two-headed ogre attacks as you move away!
The two-headed ogre hits you but does no damage. x2
You hit the acid dragon.
Your tail-slap misses the acid dragon.
Your punch misses the acid dragon.
The acid dragon is almost dead.
The acid dragon spits acid at you. The splash of acid hits you!
You die...

.........# ####### #.......
.........# ##.....## ###..#.#..
.........####.......## #...##.###
...........#.........###.........
...........#.........##..........
...........#.............#.......
...........#.........##..#.......
..........##...>O........#.......
..........###..D@....##..###.....
.......#..##...$.....#..## #.....
.<.....#...............#####.....
.......................(.........
#########.............######.....
#.........##..........# ##......^
#.<.......###.........###........
.....................###.........
#................................


You could see a two-headed ogre and an acid dragon (catching breath).

Vanquished Creatures
  A centaur warrior (D:9)
  A two-headed ogre (D:9)
  3 kobold demonologists
  5 trolls
  Prince Ribbit (D:6)
  A hornet (D:8)
  Grinder (D:4)
  A shadow (D:10)
  2 wyverns (D:9)
  A vampire (D:10)
  7 yaks (D:9)
  2 wraiths (D:10)
  Grum (D:11)
  3 steam dragons
  An acid dragon (D:10)
  2 orc warriors
  4 wolves
  10 centaurs
  4 kobold brigands
  4 bullfrogs
  3 scorpions
  4 water moccasin zombies (Ossuary)
  11 wights
  5 killer bees
  4 howler monkeys
  6 orc priests
  3 hounds (D:5)
  3 jellies
  Jessica (D:2)
  4 iguanas
  5 orc wizards
  2 mummies (Ossuary)
  Robin (D:2)
  4 gnolls
  2 river rats (D:5)
  7 adders
  A shadow imp (D:5)
  5 white imps
  2 ufetubi
  2 adder zombies
  3 adder skeletons (D:3)
  2 worms
  A dart slug (D:4)
  26 orcs
  7 ball pythons
  7 bats
  6 endoplasms
  3 giant cockroaches
  5 gnoll zombies (Ossuary)
  15 goblins
  13 hobgoblins
  12 kobolds
  3 quokkas
  3 frilled lizards
  A giant cockroach zombie (D:3)
  A goblin zombie (D:4)
  5 hobgoblin zombies (Ossuary)
  5 kobold zombies (Ossuary)
  5 orc zombies (Ossuary)
  14 rats
267 creatures vanquished.

Vanquished Creatures (collateral kills)
  2 orcs (D:9)
2 creatures vanquished.

Vanquished Creatures (others)
  19 fulminant prisms
19 creatures vanquished.

Grand Total: 288 creatures vanquished

Notes
Turn   | Place    | Note
-------+----------+-------------------------------------------
     0 | D:1      | dolemite99 the Draconian Conjurer began the quest for the
                  | Orb.
     0 | D:1      | Reached XP level 1. HP: 14/14 MP: 3/3
   225 | D:1      | Reached XP level 2. HP: 12/20 MP: 0/5
   548 | D:1      | Found Urajil's Assorted Antiques.
  1015 | D:1      | Reached skill level 5 in Conjurations
  1274 | D:2      | Found a shadowy altar of Dithmenos.
  1280 | D:2      | Became a worshipper of Dithmenos the Shadowed
  1294 | D:2      | Reached XP level 3. HP: 26/26 MP: 2/6
  1390 | D:2      | Learned a level 2 spell: Searing Ray
  2582 | D:2      | Got the Excursus on Leaden Wicked Rites
  2713 | D:2      | Reached XP level 4. HP: 33/33 MP: 1/7
  3132 | D:2      | Noticed Robin
  3265 | D:2      | Learned a level 4 spell: Iskenderun's Mystic Blast
  3781 | D:3      | Reached * piety under Dithmenos
  3782 | D:3      | Reached skill level 6 in Conjurations
  3926 | D:3      | Noticed Jessica
  3974 | D:2      | Killed Jessica
  3975 | D:2      | Reached XP level 5. HP: 24/38 MP: 4/8
  4954 | D:3      | Found a faded altar of an unknown god.
  5110 | D:2      | Killed Robin
  5529 | D:2      | Reached skill level 7 in Conjurations
  6046 | D:4      | Reached XP level 6. HP: 40/45 MP: 3/9
  6128 | D:4      | Found a sand-covered staircase.
  6128 | D:4      | Noticed Grinder
  6134 | Ossuary  | Entered an ossuary
  6288 | Ossuary  | Reached skill level 1 in Translocations
  7071 | Ossuary  | Reached ** piety under Dithmenos
  8386 | Ossuary  | Your scales start taking on a pale cyan-grey colour.
  8386 | Ossuary  | Reached XP level 7. HP: 50/50 MP: 2/10
  8386 | Ossuary  | Gained mutation: You are immune to the effects of steam.
                  | [Pale Draconian growth]
  9822 | Ossuary  | Learned a level 1 spell: Magic Dart
  9843 | D:4      | Killed Grinder
  9844 | D:4      | Reached skill level 5 in Translocations
 10447 | D:4      | Found a staircase to the Ecumenical Temple.
 11651 | D:5      | Entered Level 5 of the Dungeon
 11693 | D:4      | Reached XP level 8. HP: 36/57 MP: 0/11
 12490 | D:5      | Found a sacrificial altar of Ru.
 12591 | D:5      | Found a burning altar of Makhleb.
 12592 | D:5      | Found a snail-covered altar of Cheibriados.
 12624 | D:5      | Found a hazy altar of Hepliaklqana.
 12627 | D:5      | Found an ornate altar of the Wu Jian Council.
 12920 | D:5      | Found a runed translucent door.
 12980 | D:6      | Reached skill level 1 in Fighting
 13357 | D:6      | Noticed Prince Ribbit
 14057 | D:6      | Reached XP level 9. HP: 67/71 MP: 11/15
 14137 | D:6      | Found a radiant altar of Vehumet.
 14281 | D:6      | Killed Prince Ribbit
 14841 | D:7      | Found Foduid's Distillery.
 14846 | D:7      | Reached skill level 5 in Fighting
 15385 | D:7      | Found Warisurr's General Store.
 15522 | D:7      | Learned a level 5 spell: Fireball
 15527 | D:7      | Learned a level 4 spell: Fulminant Prism
 15535 | D:7      | Found Poumuir's Antique Armour Shop.
 15555 | D:7      | Bought a potion of heal wounds for 60 gold pieces
 15555 | D:7      | Bought a potion of curing for 36 gold pieces
 15555 | D:7      | Bought a potion of lignification for 36 gold pieces
 15555 | D:7      | Bought a potion of lignification for 36 gold pieces
 15555 | D:7      | Bought a potion of might for 48 gold pieces
 15555 | D:7      | Bought a potion of cancellation for 96 gold pieces
 15640 | D:7      | Reached *** piety under Dithmenos
 16293 | D:8      | Reached skill level 8 in Conjurations
 16785 | D:8      | Paralysed by a hornet for 3 turns
 16792 | D:8      | Paralysed by a hornet for 2 turns
 16808 | D:8      | Reached skill level 5 in Dodging
 17712 | D:8      | Found a blossoming altar of Fedhas.
 18064 | D:9      | Reached skill level 1 in Long Blades
 18064 | D:9      | Reached XP level 10. HP: 74/83 MP: 10/17
 18267 | D:9      | Noticed a sixfirhy
 18667 | D:9      | Noticed a centaur warrior
 18681 | D:9      | Killed a centaur warrior
 18682 | D:9      | Reached skill level 5 in Long Blades
 18815 | D:9      | Found a shimmering altar of Xom.
 18815 | D:9      | Identified the +1 pair of boots of Komampy {rPois}
 19238 | D:9      | Noticed a two-headed ogre
 19812 | D:9      | Reached skill level 1 in Hexes
 20271 | D:9      | Killed a two-headed ogre
 20451 | D:9      | Reached **** piety under Dithmenos
 20452 | D:9      | Reached XP level 11. HP: 90/92 MP: 12/18
 20473 | D:9      | Found a sparkling altar of Nemelex Xobeh.
 20814 | D:10     | Entered Level 10 of the Dungeon
 22772 | D:10     | Identified a scroll of acquirement
 22772 | D:10     | Acquired the Incunable of Mutated Beckoning
 23141 | D:11     | Noticed Grum
 23145 | D:11     | Killed Grum
 23323 | D:11     | Noticed a two-headed ogre
 23706 | D:11     | Reached skill level 5 in Hexes
 24135 | D:10     | HP: 2/92 [two-headed ogre/+0 giant spiked club (11)]
 24137 | D:10     | Killed from afar by an acid dragon

Illustrated notes

Levels and vault maps discovered:
D:1:      minmay_arrival_four_circles, layout_basic, serial_shops, shop,
          hangedman_decor_slide_cut
D:2:      layout_rooms, basic_altar, kennysheep_flooded_box,
          minmay_rat_gold_closets, uniq_robin
D:3:      layout_basic, serial_undead, serial_undead_d, serial_undead_c,
          serial_undead_d, serial_undead_c, serial_undead_f, serial_undead_d,
          serial_undead_f, hellmonk_ecumenical_altar_leap_of_faith, st_stairs_7,
          minmay_misc_feat_rows, uniq_jessica
D:4:      layout_basic, minmay_temple_entry_proselytizer, enter_ossuary_3,
          uniq_grinder
D:5:      layout_loops_cross, minmay_overflow_temple_star_hex, serial_demonic,
          serial_demonic_f, serial_demonic_c, serial_demonic_a,
          serial_demonic_f, portal_sewer_entry_a, uniq_crazy_yiuf_cottage
D:6:      layout_gridville, mainiacjoe_overflow_concentric_impassable,
          uniq_prince_ribbit1
D:7:      layout_rooms, serial_shops, nicolae_square_shop, shop,
          nicolae_shop_statue_plus
D:8:      layout_basic, fedhas_altar_1
D:9:      layout_loops_cross, nemelex_diamond_rough_becter, hex_large,
          minmay_ruined_shrine
D:10:     layout_rooms, chequers_serial_rivers_micro_a, minmay_starry_boxes
D:11:     layout_cross, grunt_lair_entry_orc_guard_hut, uniq_grum

Skill      XL: |  1  2  3  4  5  6  7  8  9 10 11 |
---------------+----------------------------------+-----
Conjurations   | 5 6 7 8 |  8.7
Translocations | 3 6 7 |  7.6
Spellcasting   | 4 |  4.9
Fighting       | 4 6 7 |  7.6
Dodging        | 3 5 6 |  6.1
Long Blades    | 1 7 |  7.2
Hexes          | 3 5 |  5.4
Stealth        | |  1.7

Action                     |  1- 3 |  4- 6 |  7- 9 | 10-12 || total
---------------------------+-------+-------+-------+-------++-------
  Melee: Unarmed           |    14 |       |       |       ||    14
         Tailslap          |     1 |       |       |     1 ||     2
         Sling             |       |       |     3 |       ||     3
         Scimitar          |       |       |       |     7 ||     7
   Fire: Sling             |       |    40 |    63 |    12 ||   115
   Cast: Magic Dart        |    60 |    89 |   105 |    44 ||   298
         Searing Ray       |     4 |    27 |    74 |    35 ||   140
         Iskenderun's Myst |       |       |    10 |    27 ||    37
         Fulminant Prism   |       |       |       |    19 ||    19
Ability: Breathe Steam     |       |       |     1 |     2 ||     3
  Evoke: Wand              |       |       |       |     9 ||     9
    Use: Scroll            |     3 |     1 |    18 |     6 ||    28
         Potion            |       |     6 |     5 |     9 ||    20
 Armour: Skin              |    17 |    20 |    82 |    65 ||   184
  Dodge: Dodged            |    16 |    62 |   172 |   112 ||   362
